AoeStats
← Джон Снег

Golden Pit

509564336Analyzed
1v1 RM · 4d ago on Sep 27, 2026· 80m 4s· 2 players
Game mode
Random Map
Map size
Tiny (2 player)
Population
200
Speed
Normal
Resources
Standard
Victory
Conquest
Starting age
Dark Age
Ending age
Imperial Age
RankedLock teamsTeams togetherTeam positionsShared explorationLock speedFull tech treeHidden civsTurbo modeCheats
Victory
Defeat
🇪🇸 Lithuanians · Spain
744
+16
🇪🇸 Slavs · Spain
751
-16
Джон Снег
10:13 Feudal Age
8:29 Loom
12:48 Double-Bit Axe
13:27 Horse Collar
18:08 Forging
18:54 Bloodlines
26:00 Castle Age
26:56 Bow Saw
28:36 Fletching
31:44 Pikeman
39:46 Heavy Plow
41:55 Bodkin Arrow
42:06 Scale Barding Armor
43:00 Murder Holes
44:37 Wheelbarrow
49:45 Chain Barding Armor
50:00 Iron Casting
53:09 Hand Cart
57:56 Imperial Age
56:35 Herbal Medicine
57:01 Sanctity
57:58 Ballistics
57:41 Town Watch
59:14 Bracer
61:06 Chemistry
62:15 Two-Man Saw
63:14 Tower Shields
62:34 Elite Leitis
63:24 Town Patrol
64:10 Crop Rotation
65:57 Elite Skirmisher
69:36 Scale Mail Armor
69:45 Padded Archer Armor
71:48 Leather Archer Armor
72:09 Plate Barding Armor
71:50 Chain Mail Armor
73:45 Hoardings
73:06 Halberdier
75:22 Hill Forts
81:01 Theocracy
80:41 Block Printing
Yaguito
5:45 Loom
11:18 Feudal Age
13:23 Forging
13:21 Scale Barding Armor
14:20 Double-Bit Axe
15:26 Stone Mining
18:07 Bloodlines
20:49 Scale Mail Armor
26:55 Castle Age
25:26 Padded Archer Armor
26:45 Man-at-Arms
35:14 Iron Casting
36:36 Husbandry
38:01 Bow Saw
39:16 Squires
40:48 Town Watch
40:50 Horse Collar
40:49 Light Cavalry
44:48 Pikeman
47:53 Wheelbarrow
52:24 Town Patrol
52:42 Hand Cart
56:14 Imperial Age
54:44 Murder Holes
61:06 Ballistics
67:12 Hoardings
67:22 Elite Skirmisher
69:23 Capped Ram
69:27 Halberdier
72:28 Chain Mail Armor
72:04 Fletching
73:50 Conscription
75:28 Two-Man Saw
76:47 Onager
79:04 Masonry
Connection lost

Rejoining the realm…

Still unreachable

The connection could not be restored.

Session expired

The server has moved on; the page needs a fresh start.